 Dungeon Sprint DCSS version 0.19-a0-1341-g3513869 (webtiles) character file.

218 lost the Basher (level 5, -17/59 HPs)
             Began as an Ogre Gladiator on Sept 1, 2016.
             Was a Priest of Qazlal.
             Killed from afar by a deep elf mage (20 damage)
             ... with a bolt of negative energy
             ... in the Dungeon (Sprint V: "Ziggurat Sprint").
             The game lasted 00:01:26 (298 turns).

lost the Basher (Ogre Gladiator)                     Turns: 298, Time: 00:01:26

Health: -17/59     AC: 19    Str: 27    XL:     5   Next: 95%
Magic:  9/9        EV:  8    Int:  7    God:    Qazlal [***...]
Gold:   0          SH:  4    Dex: 10    Spells: 0 memorised, 4 levels left

rFire  + . .     SeeInvis .     N - +10 dark maul {crush}
rCold  + . .     Gourm    .     l - +5 gold dragon armour
rNeg   . . .     Faith    .     (shield currently unavailable)
rPois  +         Spirit   .     c - +0 hat
rElec  .         Dismiss  .     (no cloak)
rCorr  .         Reflect  .     (gloves unavailable)
MR     .....     Harm     .     (boots unavailable)
Stlth  .......... NoTele   +    (no amulet)
                                P - +5 ring of evasion
                                H - +6 ring of strength

@: drained
A: unfitting armour, tough skin 1
a: Upheaval, Elemental Force, Renounce Religion


You were in the Dungeon.
You worshipped Qazlal.
Qazlal was most pleased with you.
You were not hungry.

You visited 1 branch

Inventory:

Hand Weapons
 a - a +0 flail
 m - a +5 giant spiked club
 M - the +7 great mace "Firestarter" {inner flame, rF++}
   (You found it in the Dungeon)

   It has been specially enchanted to burn those struck by it, causing extra
   injury to most foes and up to half again as much damage against particularly
   susceptible opponents.
   It greatly protects you from fire.
 N - the +10 dark maul (weapon) {crush}
   (You found it in the Dungeon)

   It inflicts extra damage upon your enemies.
Missiles
 d - 3 throwing nets (quivered)
Armour
 b - a +0 robe
 c - a +0 hat (worn)
 l - a +5 gold dragon armour (worn)
Jewellery
 H - a +6 ring of strength (left hand)
 P - a +5 ring of evasion (right hand)
Wands
 I - a wand of disintegration (7/24)
 J - a wand of iceblast (5/15)
 K - a wand of lightning (5/15)
 L - a wand of acid (5/15)
Scrolls
 k - 4 scrolls of blinking
 n - 4 scrolls of amnesia
 o - 3 scrolls of recharging
 p - 7 scrolls of fog
 q - a scroll of holy word
 r - 5 scrolls of identify
 s - 5 scrolls of remove curse
 t - 2 scrolls of fear
Potions
 e - 10 potions of curing
 g - 10 potions of heal wounds
 h - 6 potions of haste
 i - 7 potions of magic
 j - 3 potions of berserk rage
 u - 2 potions of brilliance
 v - 2 potions of invisibility
 w - 4 potions of resistance
 z - 5 potions of agility
 A - 5 potions of might
Miscellaneous
 x - a phial of floods
Comestibles
 f - 5 bread rations
 B - 42 fruits
 C - 4 meat rations
 O - a chunk of flesh


   Skills:
 + Level 5.7(5.1) Fighting
 * Level 11.4(10.7) Maces & Flails
 - Level 2.0(1.4) Throwing
 + Level 2.4(1.8) Armour
 + Level 5.6(5.0) Dodging
 * Level 5.8(5.2) Invocations


You had 4 spell levels left.
You didn't know any spells.

Dungeon Overview and Level Annotations

Branches:
Dungeon (1/1)

Altars:
Ashenzari
Cheibriados
Dithmenos
Elyvilon
Fedhas
Gozag
Hepliaklqana
Kikubaaqudgha
Makhleb
Nemelex Xobeh
Okawaru
Qazlal
Ru
Sif Muna
Trog
Uskayaw
Vehumet
Xom
Yredelemnul
Zin
The Shining One
Beogh
Jiyva
Lugonu


Innate Abilities, Weirdness & Mutations

You are too large for most types of armour.
You have tough skin. (AC +1)


Message History

Unknown command.
You bludgeon the deep elf mage!!
The deep elf mage is almost dead.
The enchanted halberd hits you from afar!
The deep elf mage gestures wildly while chanting.
The deep elf mage blinks!
The deep elf mage points at you and mumbles some strange words.
The bolt of fire hits you! You resist.
* * * LOW HITPOINT WARNING * * *
The enchanted halberd hits you from afar!
* * * LOW HITPOINT WARNING * * *
The deep elf mage gestures wildly while chanting.
The deep elf mage hits you but does no damage.
The deep elf mage mumbles some strange words.
The deep elf mage blinks!
The deep elf mage hits you with a long sword.
* * * LOW HITPOINT WARNING * * *
The deep elf mage casts a spell at you. The bolt of negative energy hits you!
You feel drained.
You die...

▓.....▓.....▓.....▓
▓.....▓.....▓▓▓▓▓▓▓
▓▓▓▓▓▓▓▓▓▓▓▓▓▓▓▓▓▓▓
▓..8©8...▓..8©8...▓
▓..:)=...▓..||=..e▓
▓...}....▓..§.}...▓
▓........▓...(YY..▓
▓........▓..ee§...▓
▓.▓....▓.▓.▓§@e.▓.▓
▓........▓...§....▓
▓▓▓▓▓▓▓▓▓▓▓▓▓▓▓▓▓▓▓


You could see 4 deep elf magi, 2 ice beasts and an enchanted halberd.

Vanquished Creatures
  A phantom (D)
  An orc priest (D)
  An orc wizard (D)
  3 mummies (D)
  2 adders (D)
  2 ball pythons (D)
  2 ball python skeletons (D)
  A giant cockroach zombie (D)
13 creatures vanquished.

Notes
Turn   | Place    | Note
-------+----------+-------------------------------------------
     0 | D        | lost the Ogre Gladiator began the quest for the Orb.
     0 | D        | Reached XP level 1. HP: 22/22 MP: 1/1
    13 | D        | Found a blossoming altar of Fedhas.
    14 | D        | Found a viscous altar of Jiyva.
    14 | D        | Found a hazy altar of Hepliaklqana.
    14 | D        | Found an opulent altar of Gozag.
    14 | D        | Found an ancient bone altar of Kikubaaqudgha.
    14 | D        | Found a corrupted altar of Lugonu.
    20 | D        | Found a burning altar of Makhleb.
    21 | D        | Found a sacrificial altar of Ru.
    21 | D        | Found a deep blue altar of Sif Muna.
    21 | D        | Found a stormy altar of Qazlal.
    21 | D        | Found a bloodstained altar of Trog.
    21 | D        | Found an iron altar of Okawaru.
    21 | D        | Found a sparkling altar of Nemelex Xobeh.
    44 | D        | Became a worshipper of Qazlal Stormbringer
    52 | D        | Reached skill level 6 in Maces & Flails
    52 | D        | Reached skill level 1 in Armour
    52 | D        | Reached XP level 2. HP: 33/33 MP: 1/5
    57 | D        | Entered arena 1.
    65 | D        | Reached skill level 7 in Maces & Flails
    65 | D        | Reached XP level 3. HP: 35/40 MP: 2/6
    65 | D        | Reached skill level 8 in Maces & Flails
    65 | D        | Reached XP level 4. HP: 43/49 MP: 2/7
   100 | D        | Entered arena 2.
   105 | D        | Reached * piety under Qazlal
   105 | D        | Reached skill level 9 in Maces & Flails
   106 | D        | Reached skill level 5 in Invocations
   114 | D        | Entered arena 3.
   120 | D        | Reached ** piety under Qazlal
   120 | D        | Reached skill level 5 in Fighting
   120 | D        | Reached skill level 5 in Dodging
   122 | D        | Reached skill level 10 in Maces & Flails
   122 | D        | Reached XP level 5. HP: 41/57 MP: 8/8
   214 | D        | Entered arena 4.
   214 | D        | Noticed a phantom
   216 | D        | Reached *** piety under Qazlal
   223 | D        | Killed a phantom
   223 | D        | Reached skill level 11 in Maces & Flails
   295 | D        | Entered arena 5.
   295 | D        | Noticed a deep elf mage
   295 | D        | Noticed a deep elf mage
   295 | D        | Noticed an enchanted halberd
   295 | D        | Noticed a deep elf mage
   295 | D        | Noticed a deep elf mage
   296 | D        | Noticed a fire elemental
   297 | D        | Noticed an ice beast
   298 | D        | Killed from afar by a deep elf mage

Vault maps used:
D:        sprint_v

Skill      XL: |  1  2  3  4  5 |
---------------+----------------+-----
Fighting       | 4 5 |  5.7
Maces & Flails | 6 7 8 10 11 | 11.4
Armour         | 1 2 |  2.4
Dodging        | 3 4 5 |  5.6
Invocations    | 4 5 |  5.8
Throwing       | |  2.0

Action                   |  1- 3 |  4- 6 || total
-------------------------+-------+-------++-------
Melee: Great mace        |     7 |    18 ||    25
       Maul              |       |     2 ||     2
  Use: Potion            |     1 |       ||     1
Armor: Gold dragon armou |    10 |    17 ||    27
Dodge: Dodged            |     4 |    10 ||    14
Block: Other             |       |     2 ||     2
